 Dungeon Crawl Stone Soup version 0.31.0-1-g2c135a008e (webtiles) character file.

Game seed: 14826451831893737420

5481 qw the Skirmisher (level 11, -3/80 HPs)
             Began as a Djinni Hunter on Jan 23, 2024.
             Was a Priest of Okawaru.
             Slain by an unseen horror (7 damage)
             ... on level 10 of the Dungeon.
             The game lasted 00:00:54 (7535 turns).

qw the Skirmisher (Djinni Hunter)                   Turns: 7535, Time: 00:00:54

Health: -3/80      AC: 18    Str:  9    XL:     11   Next: 0%
Gold:   556        EV: 18    Int: 14    God:    Okawaru [***...] SH:  0 Dex: 21

rFire   + + .        p - +1 orcbow
rCold   x x .        (shield currently unavailable)
rNeg    . . .        n - +0 ring mail
rPois   inf          g - +2 helmet
rElec   .            q - +1 cloak
rCorr   .            i - +2 pair of gloves
SInv    .            (boots unavailable)
Will    +....        (no amulet)
Stlth   +            m - +5 ring of evasion
HPRegen 0.33/turn    b - +4 ring of protection
MPRegen 0.00/turn

%: infuse magic (-4 HP)
@: flying
A: sickness immunity, fire resistance 2, cold vulnerability 2, float, innate
caster, HP casting, extra vitality 1, clever 1, inability to drink after injury
1
a: Renounce Religion, Heroism


You were on level 10 of the Dungeon.
You worshipped Okawaru.
Okawaru was most pleased with you.
You visited 2 branches of the dungeon, and saw 11 of its levels.
You also visited: Sewer.

You collected 556 gold pieces.


Innate Abilities, Weirdness & Mutations

You are immune to sickness and miasma.
You are immune to poison.
Your flesh is very heat resistant. (rF++)
You are very vulnerable to cold. (rC--)
You float through the air rather than walking.
You learn spells naturally, not from books.
Your magical power is your life essence.
You have superior vitality. (+4 MHP)
Your mind is acute. (Int +4, Str/Dex -1)
You occasionally lose the ability to drink potions when taking damage.


   Skills:
 + Level 7.6 Fighting
 - Level 10.0 Ranged Weapons
 - Level 4.1 Armour
 - Level 6.1 Dodging
 - Level 0.7 Stealth
 - Level 4.3 Invocations


You knew the following spells:

 Your Spells              Type           Power      Damage    Failure   Level
a - Freeze                Ice            0%         1d3       58%         1
b - Momentum Strike       Conj/Tloc      0%         3d8       75%         2
c - Confusing Touch       Hex            0%         N/A       92%         3
d - Brom's Barrelling Bo  Conj/Erth      0%         2d3       100%        4
e - Silence               Hex/Air        0%         N/A       100%        5
Your spell library was empty.

Inventory:

Hand Weapons
 p - a +1 orcbow (weapon)
Armour
 g - a +2 helmet (worn)
 i - a +2 pair of gloves (worn)
 n - a +0 ring mail (worn)
 q - a +1 cloak (worn)
Jewellery
 b - a +4 ring of protection (right hand)
 m - a +5 ring of evasion (left hand)
Wands
 h - a wand of digging (7)
 j - a wand of paralysis (33)
 r - a wand of roots (11)
Scrolls
 k - 2 scrolls of teleportation
Potions
 c - 4 potions of curing
 d - 2 potions of cancellation
 e - a potion of resistance
 f - 5 potions of enlightenment
 o - a potion of might

Dungeon Overview and Level Annotations

Branches:
Dungeon (10/15)            Temple (1/1) D:4           Sewer (visited)
   Lair: D:8-11         Orc: D:9-12

Altars:
Ashenzari
Cheibriados
Dithmenos
Elyvilon
Fedhas
Gozag
Makhleb
Nemelex Xobeh
Okawaru
Qazlal
Ru
Trog
Uskayaw
Wu Jian
Xom
Yredelemnul
Zin
The Shining One

Shops:
D:4 (   D:5 *

Annotations:
D:5 2 transporters
D:9 1 runed translucent door


Message History

Deactivating autopickup; reactivate with Ctrl-A.
Autopickup is now on.
You start resting.
Something hits you.
Deactivating autopickup; reactivate with Ctrl-A.
Something barely misses you. Something hits you but does no damage.
Autopickup is now on.
You start resting.
Something hits you.
Deactivating autopickup; reactivate with Ctrl-A.
Autopickup is now on.
You start resting.
Something hits you but does no damage.
Deactivating autopickup; reactivate with Ctrl-A.
Autopickup is now on.
You start resting.
Something completely misses you. Something closely misses you.
Something hits you but does no damage.
Deactivating autopickup; reactivate with Ctrl-A.
Autopickup is now on.
You start resting.
Something hits you but does no damage.
Deactivating autopickup; reactivate with Ctrl-A.
Autopickup is now on.
You start resting.
Something hits you.
Deactivating autopickup; reactivate with Ctrl-A.
Autopickup is now on.
You start resting.
Something hits you but does no damage.
Deactivating autopickup; reactivate with Ctrl-A.
Autopickup is now on.
You start resting.
Something hits you but does no damage.
Deactivating autopickup; reactivate with Ctrl-A.
Something barely misses you.
Autopickup is now on.
You start resting.
Something hits you!
You die...

...........#
...........#...
...#
....#########..
...# ..<.#
###..####...#
....+
#...........#
....#
#...........#
....#
#...........#
....#
#...........#
....#
#.....@..$..#
....#
##..###.....# #
.....# .....#
.....# .....#
.....# .....#


There were no monsters in sight!

Vanquished Creatures
  Erica (D:8)
  A two-headed ogre (D:8)
  2 trolls
  A shadow (D:8)
  A steam dragon (D:6)
  A water moccasin (D:7)
  An ice beast (D:8)
  2 black bears
  2 ogres
  A centaur (D:8)
  4 kobold brigands
  6 bullfrogs
  2 gnoll sergeants
  3 scorpions
  3 wights (D:9)
  21 killer bees
  4 howler monkeys
  2 bombardier beetles (D:3)
  A hound (D:5)
  3 orc priests
  A jelly (D:2)
  4 iguanas
  A sleepcap (D:5)
  Jessica (D:3)
  3 orc wizards
  7 gnolls
  13 adders
  2 river rats
  3 white imps
  2 ribbon worms
  25 orcs
  10 ball pythons
  16 endoplasms
  8 giant cockroaches
  10 goblins
  5 hobgoblins
  7 jackals
  4 quokkas
  5 bats
  4 frilled lizards
  15 kobolds
  17 rats
225 creatures vanquished.

Notes
Turn   | Place    | Note
-------+----------+-------------------------------------------
     0 | D:1      | qw the Djinni Hunter began the quest for the Orb.
     0 | D:1      | Reached XP level 1. HP: 18/18 MP: 0/0
     0 | D:1      | 0 ||| qw: Version: 0.3-a-136-gdd3b4e8
     0 | D:1      | 0 ||| qw: Game counter: 1138
     0 | D:1      | 0 ||| qw: Melee chars always use a shield: true
     0 | D:1      | 0 ||| qw: God list: Okawaru
     0 | D:1      | 0 ||| qw: Allow faded altars: false
     0 | D:1      | 0 ||| qw: Do Orc after clearing Dungeon:15 true
     0 | D:1      | 0 ||| qw: Do second Lair branch before Depths: true
     0 | D:1      | 0 ||| qw: Lair rune preference: random
     0 | D:1      | 0 ||| qw: Goals: Normal
     0 | D:1      | 0 ||| PLANNING D:1-11
    37 | D:1      | Reached XP level 2. HP: 23/23 MP: 0/0
   446 | D:1      | 446 ||| UPGRADING to +0 ring mail.
   456 | D:1      | 456 ||| DROPPING +0 leather armour.
   457 | D:1      | 457 ||| UPGRADING to +5 ring of evasion.
   458 | D:1      | 458 ||| READING 2 scrolls labelled JIAL WOSIAR.
   458 | D:1      | 458 ||| IDENTIFYING inky potion
   459 | D:1      | 459 ||| READING scroll of identify.
   459 | D:1      | 459 ||| IDENTIFYING white potion
   460 | D:1      | 460 ||| READING scroll labelled KAMEBA CIBBAFOG.
   460 | D:1      | 460 ||| ENCHANTING +0 shortbow.
   461 | D:1      | 461 ||| READING 3 scrolls labelled UPHAMN CUWYJYE.
   465 | D:1      | 465 ||| READING scroll labelled CYAFIH QEMIEB.
   465 | D:1      | 465 ||| ENCHANTING +1 shortbow.
   466 | D:1      | 466 ||| DRINKING 2 grey potions.
   467 | D:1      | 467 ||| DROPPING scroll of butterflies.
   468 | D:1      | 468 ||| DROPPING potion of magic.
   523 | D:2      | Reached XP level 3. HP: 28/28 MP: 0/0
   523 | D:2      | Learned a level 1 spell: Freeze
   532 | D:2      | Reached skill level 4 in Ranged Weapons
   548 | D:2      | Reached skill level 1 in Armour
   688 | D:2      | Identified the +0 chain mail of the Game Afoot {rN+ rCorr
                  | SInv Stlth+}
   838 | D:2      | Reached skill level 3 in Fighting
   838 | D:2      | Reached XP level 4. HP: 35/35 MP: 0/0
   840 | D:2      | 840 ||| READING scroll of enchant weapon.
   840 | D:2      | 840 ||| ENCHANTING +1 shortbow.
  1018 | D:2      | Reached XP level 5. HP: 40/40 MP: 0/0
  1018 | D:2      | Learned a level 2 spell: Momentum Strike
  1161 | D:2      | 1161 ||| READING scroll of identify.
  1161 | D:2      | 1161 ||| IDENTIFYING pink potion
  1162 | D:2      | 1162 ||| DRINKING 2 murky amethyst potions.
  1163 | D:2      | 1163 ||| DROPPING potion of attraction.
  1173 | D:3      | 1173 ||| STAIRDANCE
  1182 | D:3      | 1182 ||| STAIRDANCE
  1184 | D:2      | 1184 ||| DRINKING puce potion.
  1185 | D:2      | 1185 ||| DRINKING clear potion.
  1258 | D:3      | Reached skill level 5 in Ranged Weapons
  1258 | D:3      | Reached XP level 6. HP: 39/46 MP: 0/0
  1258 | D:3      | 1258 ||| STAIRDANCE
  1288 | D:3      | 1288 ||| STAIRDANCE
  1392 | D:3      | Found a faded altar of an unknown god.
  1475 | D:3      | Reached skill level 3 in Dodging
  1639 | D:3      | 1639 ||| FLEEEEING.
  1640 | D:3      | 1640 ||| FLEEEEING.
  1641 | D:3      | 1641 ||| FLEEEEING.
  1642 | D:3      | 1642 ||| FLEEEEING.
  1643 | D:3      | 1643 ||| FLEEEEING.
  1644 | D:3      | 1644 ||| FLEEEEING.
  1646 | D:3      | 1646 ||| FLEEEEING.
  1647 | D:3      | 1647 ||| FLEEEEING.
  1648 | D:3      | 1648 ||| FLEEEEING.
  1649 | D:3      | 1649 ||| FLEEEEING.
  1650 | D:3      | 1650 ||| FLEEEEING.
  1651 | D:3      | 1651 ||| FLEEEEING.
  1652 | D:3      | 1652 ||| FLEEEEING.
  1654 | D:3      | 1654 ||| FLEEEEING.
  1655 | D:3      | 1655 ||| FLEEEEING.
  1656 | D:3      | 1656 ||| FLEEEEING.
  1657 | D:3      | 1657 ||| FLEEEEING.
  1658 | D:3      | 1658 ||| FLEEEEING.
  1659 | D:3      | 1659 ||| FLEEEEING.
  1660 | D:3      | 1660 ||| FLEEEEING.
  1661 | D:3      | 1661 ||| FLEEEEING.
  1662 | D:3      | 1662 ||| FLEEEEING.
  1927 | D:3      | Noticed Jessica
  1929 | D:3      | Killed Jessica
  2011 | D:3      | Reached XP level 7. HP: 48/52 MP: 0/0
  2011 | D:3      | Learned a level 3 spell: Confusing Touch
  2244 | D:3      | 2244 ||| UPGRADING to +4 ring of protection.
  2245 | D:3      | 2245 ||| READING scroll of identify.
  2245 | D:3      | 2245 ||| IDENTIFYING fuming dark potion
  2246 | D:3      | 2246 ||| DRINKING potion of mutation.
  2246 | D:3      | Gained mutation: You are very vulnerable to cold. (rC--)
                  | [potion of mutation]
  2246 | D:3      | Gained mutation: You occasionally lose the ability to drink
                  | potions when taking damage. [potion of mutation]
  2246 | D:3      | Gained mutation: Your mind is acute. (Int +4, Str/Dex -1)
                  | [potion of mutation]
  2247 | D:3      | 2247 ||| READING 2 scrolls labelled DAEDAR ATUIMITH.
  2248 | D:3      | 2248 ||| READING scroll labelled REARCHEU HA KUM.
  2249 | D:3      | 2249 ||| READING scroll labelled UDOPRU WYEWK.
  2250 | D:3      | 2250 ||| DROPPING scroll of revelation.
  2261 | D:4      | 2261 ||| PLANNING SEWER
  2296 | D:4      | Found Ceupuem's Antique Weapon Boutique.
  2318 | D:4      | Found a staircase to the Ecumenical Temple.
  2320 | D:4      | 2320 ||| READING scroll of enchant weapon.
  2320 | D:4      | 2320 ||| ENCHANTING +2 shortbow.
  2329 | D:4      | Found a glowing drain.
  2330 | D:4      | 2330 ||| UPGRADING to +0 helmet.
  2335 | D:4      | 2335 ||| READING scroll of enchant armour.
  2335 | D:4      | 2335 ||| ENCHANTING +0 helmet.
  2359 | Sewer    | Entered a sewer
  2363 | Sewer    | Reached skill level 6 in Ranged Weapons
  2456 | Sewer    | Found a glowing silver altar of Zin.
  2492 | D:4      | 2492 ||| PLANNING TEMPLE
  2510 | Temple   | Entered the Ecumenical Temple
  2511 | Temple   | 2511 ||| PLANNING D:1-11
  2559 | D:4      | Reached XP level 8. HP: 58/58 MP: 0/0
  2720 | D:4      | You are sucked into a shaft and drop 3 floors!
  2755 | D:7      | 2755 ||| UPGRADING to +0 cloak.
  2760 | D:7      | 2760 ||| DROPPING ring of ice.
  2761 | D:7      | 2761 ||| READING scroll labelled HISKUH WOTUTHE.
  2762 | D:7      | 2762 ||| READING scroll labelled HYIZEKHL HIMEPSATH.
  2850 | D:5      | Entered Level 5 of the Dungeon
  2868 | D:5      | 2868 ||| FLEEEEING.
  2869 | D:5      | 2869 ||| STAIRDANCE
  2923 | D:4      | Found an opulent altar of Gozag.
  3009 | D:4      | 3009 ||| UPGRADING to +0 pair of gloves.
  3057 | D:5      | Reached skill level 7 in Ranged Weapons
  3120 | D:5      | Found a basalt altar of Yredelemnul.
  3219 | D:5      | Found a transporter.
  3219 | D:5      | Found Gireohos's Assorted Antiques.
  3521 | D:5      | Found a transporter.
  3828 | D:6      | Reached skill level 3 in Armour
  4384 | D:6      | 4384 ||| READING scroll of enchant armour.
  4384 | D:6      | 4384 ||| ENCHANTING +0 pair of gloves.
  4493 | D:6      | 4493 ||| READING 2 scrolls of identify.
  4493 | D:6      | 4493 ||| IDENTIFYING sedimented silvery potion
  4494 | D:6      | 4494 ||| READING scroll of identify.
  4494 | D:6      | 4494 ||| IDENTIFYING dark potion
  4495 | D:6      | 4495 ||| DROPPING potion of lignification.
  4537 | D:7      | 4537 ||| STAIRDANCE
  4559 | D:6      | Reached XP level 9. HP: 34/65 MP: 0/0
  4559 | D:6      | Learned a level 4 spell: Brom's Barrelling Boulder
  4665 | D:7      | 4665 ||| STAIRDANCE
  4679 | D:7      | 4679 ||| STAIRDANCE
  4689 | D:7      | 4689 ||| STAIRDANCE
  4700 | D:7      | HP: 16/65 [gnoll/+0 flail[a gnoll sergeant] (7)]
  4701 | D:7      | 4701 ||| READING 4 scrolls of teleportation.
  4702 | D:7      | 4702 ||| DRINKING potion of heal wounds.
  4703 | D:7      | 4703 ||| STAIRDANCE
  4866 | D:7      | 4866 ||| READING scroll of enchant armour.
  4866 | D:7      | 4866 ||| ENCHANTING +1 pair of gloves.
  4885 | D:7      | Reached skill level 8 in Ranged Weapons
  5002 | D:7      | Found an iron altar of Okawaru.
  5003 | D:7      | 5003 ||| PLANNING OKAWARU WORSHIP
  5003 | D:7      | 5003 ||| DROPPING ring of resist corrosion.
  5011 | D:7      | Became a worshipper of Warmaster Okawaru
  5012 | D:7      | 5012 ||| PLANNING D:1-11
  5227 | D:7      | 5227 ||| READING scroll of enchant armour.
  5227 | D:7      | 5227 ||| ENCHANTING +1 helmet.
  5352 | D:7      | 5352 ||| DROPPING +2 pair of gloves.
  5353 | D:7      | 5353 ||| READING scroll of identify.
  5353 | D:7      | 5353 ||| IDENTIFYING viscous black potion
  5354 | D:7      | 5354 ||| READING scroll labelled MEPRA SIYC.
  5355 | D:7      | 5355 ||| DROPPING potion of berserk rage.
  5380 | D:8      | Found a shadowy altar of Dithmenos.
  5403 | D:8      | Reached skill level 6 in Fighting
  5408 | D:8      | Noticed Erica
  5415 | D:8      | 5415 ||| ZAPPING wand of paralysis (39) at 1,-1 (Erica;
                  | floor).
  5416 | D:8      | 5416 ||| ZAPPING wand of paralysis (38) at 1,-1 (Erica;
                  | floor).
  5417 | D:8      | 5417 ||| ZAPPING wand of paralysis (37) at 1,-1 (Erica;
                  | floor).
  5418 | D:8      | 5418 ||| ZAPPING wand of paralysis (36) at 1,-1 (Erica;
                  | floor).
  5419 | D:8      | 5419 ||| ZAPPING wand of paralysis (35) at 1,-1 (Erica;
                  | floor).
  5425 | D:8      | 5425 ||| ZAPPING wand of paralysis (34) at 1,-1 (Erica;
                  | floor).
  5432 | D:8      | Killed Erica
  5432 | D:8      | Reached * piety under Okawaru
  5433 | D:8      | Reached skill level 9 in Ranged Weapons
  5433 | D:8      | Reached XP level 10. HP: 56/72 MP: 0/0
  5443 | D:8      | 5443 ||| FLEEEEING.
  5444 | D:8      | 5444 ||| FLEEEEING.
  5445 | D:8      | 5445 ||| FLEEEEING.
  5446 | D:8      | 5446 ||| FLEEEEING.
  5447 | D:8      | 5447 ||| FLEEEEING.
  5448 | D:8      | 5448 ||| FLEEEEING.
  5449 | D:8      | 5449 ||| FLEEEEING.
  5450 | D:8      | 5450 ||| STAIRDANCE
  5494 | D:8      | Reached skill level 1 in Invocations
  5830 | D:8      | 5830 ||| READING scroll of enchant armour.
  5830 | D:8      | 5830 ||| ENCHANTING +0 cloak.
  5930 | D:8      | Reached skill level 6 in Dodging
  6090 | D:8      | 6090 ||| SWAPPING to +0 orcbow.
  6091 | D:8      | 6091 ||| DROPPING +3 shortbow.
  6141 | D:9      | 6141 ||| STAIRDANCE
  6147 | D:8      | Reached ** piety under Okawaru
  6149 | D:9      | Noticed a two-headed ogre
  6150 | D:9      | 6150 ||| STAIRDANCE
  6159 | D:8      | Reached skill level 3 in Invocations
  6199 | D:9      | 6199 ||| STAIRDANCE
  6201 | D:8      | 6201 ||| INVOKING Heroism.
  6205 | D:8      | Killed a two-headed ogre
  6381 | D:9      | 6381 ||| STAIRDANCE
  6470 | D:9      | 6470 ||| STAIRDANCE
  6523 | D:9      | 6523 ||| STAIRDANCE
  6536 | D:9      | 6536 ||| STAIRDANCE
  6597 | D:9      | 6597 ||| STAIRDANCE
  6841 | D:9      | Found a runed translucent door.
  6842 | D:9      | Found a burning altar of Makhleb.
  6842 | D:9      | Noticed a sixfirhy
  6936 | D:9      | Reached skill level 10 in Ranged Weapons
  7011 | D:9      | HP: 18/75 [troll (2)]
  7012 | D:9      | 7012 ||| READING 4 scrolls of teleportation.
  7013 | D:9      | 7013 ||| DRINKING potion of heal wounds.
  7224 | D:9      | Reached *** piety under Okawaru
  7234 | D:9      | Found a glowing silver altar of Zin.
  7266 | D:9      | 7266 ||| DROPPING +2 helmet.
  7267 | D:9      | 7267 ||| READING scroll of identify.
  7267 | D:9      | 7267 ||| IDENTIFYING ruby potion
  7268 | D:9      | 7268 ||| READING scroll labelled CID MOHIL EFAT.
  7369 | D:9      | 7369 ||| DROPPING potion of invisibility.
  7404 | D:9      | Reached XP level 11. HP: 72/80 MP: 0/0
  7404 | D:9      | Learned a level 5 spell: Silence
  7430 | D:10     | Entered Level 10 of the Dungeon
  7481 | D:10     | 7481 ||| READING scroll of enchant weapon.
  7481 | D:10     | 7481 ||| ENCHANTING +0 orcbow.
  7482 | D:10     | Noticed an orc knight
  7482 | D:10     | 7482 ||| INVOKING Heroism.
  7486 | D:10     | 7486 ||| RETREEEEATING.
  7497 | D:10     | HP: 10/80 [orc knight/+0 dire flail (15)]
  7498 | D:10     | 7498 ||| READING 3 scrolls of teleportation.
  7499 | D:10     | 7499 ||| DRINKING potion of heal wounds.
  7511 | D:10     | HP: 15/80 [something (7)]
  7522 | D:10     | HP: 10/80 [something (9)]
  7531 | D:10     | HP: 3/80 [something (4)]
  7535 | D:10     | Slain by an unseen horror

Levels and vault maps discovered:
D:1:      dpeg_arrival_rooms_with_view, layout_rooms
D:2:      layout_basic, serial_aquarium, aquarium_bridge_straight
          [aquarium_subvault_bridge, aquarium_subvault_balcony,
          aquarium_subvault_bridge, aquarium_subvault_balcony],
          aquarium_window_fake, aquarium_window_corner, aquarium_window_1,
          aquarium_view_2d, aquarium_view_2b, aquarium_balcony_1b,
          aquarium_pool_corner, minmay_octomino_e4
D:3:      layout_basic, shapermc_ecumenical_altar_mp_ritualfount,
          minmay_guardbox, uniq_jessica
D:4:      layout_gridville, grunt_gozag_statues, minmay_temple_entry_overgrown,
          portal_sewer_entry_c, serial_shops, nicolae_shop_peninsula
D:5:      layout_loops_ring, mainiacjoe_overflow_tiny_flanked, serial_shops,
          nicolae_shop_drivethru
D:6:      layout_basic
D:7:      layout_rooms, okawaru_altar_gauntlet_db, kennysheep_generic_room_10
D:8:      layout_basic, mainiacjoe_overflow_large_starburst, uniq_erica
D:9:      layout_cross, nzn_makhleb_speed_demon,
          mainiacjoe_overflow_small_starburst
D:10:     layout_gridville, grunt_temple_overflow_open
Temple:   nicolae_temple_ecumenical_triangle

Skill      XL: |  1  2  3  4  5  6  7  8  9 10 |
---------------+-------------------------------+-----
Ranged Weapons | 4 5 6 7 9 10 | 10.0
Armour         | 1 2 3 4 |  4.1
Fighting       | 3 4 5 6 7 |  7.6
Dodging        | 3 4 5 6 |  6.1
Invocations    | 4 |  4.3
Stealth        | |  0.7

Action                     |  1- 3 |  4- 6 |  7- 9 | 10-12 || total
---------------------------+-------+-------+-------+-------++-------
   Fire: Shortbow          |    82 |   160 |   390 |    29 ||   661
         Orcbow            |       |       |       |   228 ||   228
 Invoke: Heroism           |       |       |       |     2 ||     2
  Evoke: Wand              |       |       |     6 |       ||     6
    Use: Scroll            |     5 |     2 |    16 |     6 ||    29
         Potion            |     1 |     3 |     2 |     2 ||     8
 Armour: Leather armour    |     9 |       |       |       ||     9
         Ring mail         |     4 |    61 |   154 |   254 ||   473
  Dodge: Dodged            |    35 |    89 |   260 |   618 ||  1002

Table legend:
 A = Non-vault XP
 B = Vault XP
 C = Vault XP percentage of total XP
 D = Non-vault monster count
 E = Vault monster count
 F = Vault count percentage of total count
                 A         B        C        D         E       F
            +---------+---------+-------+---------+---------+-------
      Total |    6655 |    1175 |  15.0 |     185 |      40 |  17.8
            +---------+---------+-------+---------+---------+-------
        D:1 |      22 |       4 |  15.4 |      15 |       2 |  11.8
        D:2 |     198 |       5 |   2.5 |      33 |       3 |   8.3
        D:3 |     258 |      83 |  24.3 |      32 |      13 |  28.9
        D:4 |     406 |      19 |   4.5 |      18 |       6 |  25.0
        D:5 |     341 |       0 |   0.0 |      12 |       0 |   0.0
        D:6 |     526 |       0 |   0.0 |      17 |       0 |   0.0
        D:7 |     782 |      12 |   1.5 |      11 |       5 |  31.2
        D:8 |    2801 |     836 |  23.0 |      27 |       1 |   3.6
        D:9 |    1321 |       0 |   0.0 |      20 |       0 |   0.0
      Sewer |       0 |     216 | 100.0 |       0 |      10 | 100.0
            +---------+---------+-------+---------+---------+-------
